Map: Apotheosis LE

Players

Fropez

  • Race: Protoss Protoss
  • League: Gold
  • Spawn Location: 5:00

QuietHawkk - Winner!

  • Race: Terran Terran
  • League: Gold
  • Spawn Location: 11:00

VOD

Have the link to the VOD?

Description

Time

  • Played on: Oct. 23, 2016, 7:58 p.m.
  • Length: 13:04
Show
View Real Time Build Order
Export as new Build Order

Fropez Protoss 

Build Orders:  

Get SALT Encoding   

  12  0:01  Probe (Chrono Boost)  
  13  0:26  Pylon, Probe (Chrono Boost)  
  14  0:37  Probe (Chrono Boost)  
  15  0:52  Gateway  
  15  0:54  Gateway  
  15  0:59  Gateway  
  15  1:04  Probe (Chrono Boost)  
  16  1:14  Probe (Chrono Boost)  
  17  1:25  Probe (Chrono Boost)  
  18  1:35  Probe (Chrono Boost)  
  18  1:38  Pylon  
  19  1:46  Probe (Chrono Boost)  
  20  1:51  Assimilator  
  20  2:02  Nexus  
  20  2:10  Cybernetics Core  
  20  2:15  Probe (Chrono Boost)  
  21  2:18  Assimilator  
  21  2:32  Probe (Chrono Boost)  
  21  2:34  Pylon  
  22  2:39  Pylon  
  23  2:52  Mothership Core (Chrono Boost)  
  23  2:54  Warp Gate (Chrono Boost)  
  24  3:15  Probe  
  24  3:18  Gateway  
  24  3:19  Probe  
  26  3:28  Probe  
  26  3:29  Pylon  
  26  3:30  Probe  
  28  3:37  Stalker  
  30  3:46  Stalker (Chrono Boost)  
  32  3:51  Probe  
  32  3:52  Probe  
  36  4:20  Probe  
  37  4:28  Probe  
  38  4:32  Probe  
  45  4:39  Stalker x2 (Chrono Boost)  
  45  4:40  Probe, Stalker (Chrono Boost)  
  45  4:45  Assimilator  
  46  4:46  Probe  
  47  4:53  Pylon, Probe  
  47  4:56  Pylon  
  46  5:08  Probe  
  46  5:10  Probe  
  48  5:26  Assimilator  
  48  5:35  Probe  
  48  5:36  Probe  
  48  5:38  Nexus  
  48  5:41  Pylon  
  50  5:45  Twilight Council, Pylon  
  50  5:46  Probe  
  50  5:48  Adept x3, Probe  
  57  5:56  Probe  
  57  5:59  Gateway  
  57  6:02  Forge  
  58  6:07  Probe x2  
  58  6:08  Pylon  
  60  6:14  Adept  
  62  6:18  Resonating Glaives (Chrono Boost)  
  62  6:19  Probe  
  62  6:22  Probe  
  62  6:23  Pylon  
  64  6:27  Adept  
  66  6:34  Protoss Ground Weapons Level 1 (Chrono Boost)  
  66  6:39  Adept x2  
  70  6:54  Probe  
  70  7:00  Pylon, Probe  
  70  7:01  Probe  
  73  7:20  Stalker x4  
  63  7:54  Adept x3  
  63  7:55  Adept  
  63  7:57  Probe  
  72  8:07  Probe  
  72  8:12  Blink  
  73  8:18  Probe  
  73  8:20  Probe  
  75  8:27  Protoss Ground Weapons Level 2 (Chrono Boost)  
  75  8:33  Probe  
  75  8:34  Gateway  
  76  8:44  Photon Cannon  
  76  8:51  Pylon  
  76  8:56  Stalker  
  76  8:57  Stalker x2  
  71  9:29  Stalker x4  
  71  9:30  Probe  
  79  9:35  Probe, Mothership Core  
  83  9:41  Probe, Assimilator  
  83  9:43  Assimilator  
  84  9:49  Probe  
  84  9:52  Probe  
  86  10:02  Pylon  
  86  10:05  Pylon  
  86  10:07  Pylon  
  86  10:09  Probe  
  86  10:12  Probe  
  88  10:21  Photon Cannon  
  88  10:23  Photon Cannon  
  88  10:30  Probe  
  88  10:32  Probe  
  88  10:34  Probe  
  91  10:38  Pylon  
  91  10:40  Stalker x3  
  91  10:41  Stalker  
  72  11:24  Adept x3  
  55  11:44  Probe  
  55  11:45  Probe  
  57  11:54  Pylon  
  57  11:56  Pylon  
  57  11:57  Probe  
  57  12:00  Probe  
  59  12:06  Pylon  
  59  12:08  Nexus, Probe  
  59  12:12  Probe  
  59  12:18  Gateway  
  59  12:22  Adept x2, Photon Cannon  
  46  12:44  Stalker x3  
Show
View Real Time Build Order
Export as new Build Order

QuietHawkk Terran - Winner!

Build Orders:  

Get SALT Encoding   

  12  0:00  SCV  
  13  0:12  SCV  
  14  0:21  Supply Depot  
  14  0:24  SCV  
  15  0:43  SCV  
  15  0:45  Barracks  
  16  0:53  Supply Depot  
  16  0:55  SCV  
  17  1:02  Refinery  
  17  1:07  SCV  
  18  1:23  SCV  
  19  1:40  Command Center  
  19  1:52  Orbital Command  
  19  1:53  Marine  
  20  2:16  Barracks Tech Lab  
  20  2:18  SCV  
  21  2:23  Factory  
  21  2:32  SCV  
  22  2:40  Marine  
  23  2:44  SCV  
  24  2:57  Orbital Command  
  24  2:59  SCV  
  25  3:06  Barracks  
  25  3:08  Barracks  
  25  3:10  Factory Reactor, Refinery  
  25  3:11  SCV  
  26  3:23  Starport, SCV  
  27  3:28  SCV  
  28  3:36  SCV  
  28  3:40  SCV  
  30  3:48  SCV  
  30  3:53  SCV  
  32  3:55  Marine x2  
  32  3:56  Marine  
  32  4:01  SCV  
  36  4:05  SCV  
  37  4:13  Marine x3, SCV  
  41  4:17  SCV  
  42  4:24  Starport Reactor  
  42  4:25  SCV  
  42  4:31  Marine x3  
  46  4:45  Starport  
  46  4:51  Barracks  
  46  4:52  Barracks  
  46  4:54  Barracks  
  46  4:56  Stimpack, Marine  
  46  4:59  Marine  
  46  5:20  Refinery  
  46  5:22  Refinery  
  46  5:26  Supply Depot  
  46  5:27  Supply Depot  
  46  5:32  Marine x3, Medivac  
  46  5:35  Medivac  
  53  5:40  Marine  
  54  5:47  Marine x2, SCV, Supply Depot x3  
  54  5:49  Marine x3, SCV  
  61  5:58  Marine, Medivac  
  61  5:59  SCV  
  61  6:01  SCV  
  66  6:05  Marine  
  66  6:07  Marine x3  
  70  6:11  SCV  
  70  6:13  SCV  
  70  6:16  Marine x2  
  70  6:17  Medivac  
  76  6:23  Marine, SCV  
  76  6:25  Marine x3  
  81  6:33  Marine  
  81  6:34  Command Center  
  81  6:39  Barracks Reactor  
  82  6:40  Supply Depot  
  82  6:41  Barracks Reactor, Supply Depot  
  82  6:43  Marauder  
  82  6:45  Barracks Tech Lab  
  84  6:58  Marine x2  
  86  7:05  Marauder  
  88  7:16  Marine x2  
  90  7:24  Marine x5  
  90  7:26  Marauder  
  96  7:34  Marine x2  
  96  7:41  Marine  
  96  7:42  Marine x4  
  99  7:44  Barracks  
  99  7:45  Barracks  
  99  7:46  Orbital Command  
  99  7:47  Barracks  
  99  7:48  Marauder  
  97  7:51  Marine  
  97  7:52  Marine  
  97  7:55  Command Center  
  96  7:59  Marine x2  
  96  8:02  Marauder  
  96  8:03  Medivac  
  102  8:08  Supply Depot  
  102  8:09  Marauder  
  104  8:16  Barracks Reactor  
  104  8:23  Supply Depot  
  104  8:24  Marauder  
  104  8:26  SCV x2  
  108  8:29  SCV  
  108  8:30  Marauder  
  111  8:38  SCV  
  111  8:39  SCV  
  113  8:42  Medivac  
  113  8:43  Medivac  
  113  8:45  Marauder  
  119  8:50  SCV  
  119  8:51  SCV  
  119  8:52  Marauder  
  123  9:03  SCV  
  122  9:15  Marine x4  
  122  9:16  Marine x5  
  117  9:28  Medivac x2  
  117  9:29  SCV  
  117  9:30  SCV  
  119  9:33  Marine x5  
  119  9:34  Marine x2, SCV  
  127  9:42  SCV  
  128  9:46  Marine x2, SCV  
  128  9:51  Marine x3  
  134  9:54  SCV  
  134  9:58  Medivac x2  
  139  10:00  Engineering Bay  
  139  10:02  Orbital Command, Engineering Bay  
  139  10:03  Marine x4  
  139  10:04  Marine x2  
  145  10:13  Marine x3  
  148  10:21  Marine x2  
  149  10:22  Marine x4  
  149  10:24  Medivac  
  156  10:34  Marine x2  
  150  10:54  Marine x4  
  145  11:06  Marine  
  145  11:07  Marine x3  
  145  11:09  Marine  
  139  11:11  Marine  
  139  11:12  Marine  
  126  11:33  Marine x4  
  126  11:34  Marine x3  
  126  11:38  Command Center  
  120  11:47  Command Center  
  120  11:48  Marine x2  
  120  11:51  Marine x2, Marauder  
  126  11:55  Barracks  
  126  12:23  Marine  
  126  12:24  Marine x2  
Tags
 
League
GoldGold
Matchup
PvT
Replay Pack
From the laptop
Spawn Locations
Cross Positions
Add a new tag
Caveats
  • Supply blocks, unpowered buildings, or Contaminate may cause inaccurate times.
  • Supply counts are checked every 10 seconds.